AoeStats
← Green Assassin

Hill Fort

506736554Analyzed
4v4 RM · 16d ago on Sep 14, 2026· 46m 4s· 8 players
Game mode
Random Map
Map size
Large (8 player)
Population
200
Speed
Normal
Resources
Standard
Victory
Conquest
Starting age
Dark Age
Ending age
Imperial Age
RankedLock teamsTeams togetherTeam positionsShared explorationLock speedFull tech treeHidden civsTurbo modeCheats
Victory
Defeat
🇺🇸 Turks · United States
1178
+17
🇩🇪 Portuguese · Germany
1152
+18
1120
+19
🇺🇸 Goths · United States
1066
+21
🇦🇷 Malay · Argentina
1313
-24
🇦🇷 Khmer · Argentina
1272
-22
🇦🇷 Maya · Argentina
1254
-21
🇦🇷 Vietnamese · Argentina
924
-8
Sqwintz
11:40 Feudal Age
10:04 Loom
18:44 Castle Age
16:43 Horse Collar
16:56 Double-Bit Axe
20:03 Bow Saw
23:03 Fletching
26:27 Scale Mail Armor
26:58 Squires
27:17 Chain Mail Armor
29:02 Wheelbarrow
28:13 Town Watch
33:32 Imperial Age
31:19 Hand Cart
33:28 Anarchy
33:42 Forging
32:58 Elite Skirmisher
34:38 Conscription
34:45 Perfusion
37:03 Iron Casting
38:41 Heavy Plow
42:30 Blast Furnace
42:19 Fletching
42:30 Padded Archer Armor
44:23 Two-Man Saw
43:55 Crop Rotation
44:55 Town Patrol
46:40 Chemistry
46:00 Ballistics
45:08 Elite Huskarl
hurlmore
2:19 Loom
11:23 Feudal Age
18:27 Castle Age
17:11 Forging
17:07 Scale Barding Armor
16:54 Double-Bit Axe
17:01 Horse Collar
18:26 Scale Barding Armor
19:52 Husbandry
20:09 Heavy Plow
20:40 Bloodlines
20:55 Gold Mining
22:29 Chain Barding Armor
23:49 Iron Casting
28:22 Town Watch
29:17 Wheelbarrow
31:53 Hand Cart
34:29 Bow Saw
35:25 Town Patrol
36:34 Gold Shaft Mining
36:03 Padded Archer Armor
39:55 Imperial Age
41:56 Blast Furnace
41:31 Plate Barding Armor
40:40 Treadmill Crane
41:12 Masonry
43:22 Two-Man Saw
42:41 Leather Archer Armor
42:58 Architecture
44:54 Conscription
45:15 Hoardings
44:43 Artillery
45:03 Sipahi
44:04 Elite Janissary
44:15 Sappers
46:37 Guilds
42 aldeanos fueron a lo del tano
9:46 Feudal Age
15:42 Castle Age
15:41 Double-Bit Axe
32:11 Fervor
32:07 Gold Mining
35:01 Imperial Age
33:08 Wheelbarrow
32:29 Loom
33:09 Fervor
34:41 Scale Barding Armor
34:47 Forging
35:16 Husbandry
36:13 Conscription
36:35 Illumination
36:21 Herbal Medicine
39:33 Theocracy
39:11 Cavalier
40:41 Bow Saw
41:54 Iron Casting
41:40 Chain Barding Armor
41:30 Stone Mining
41:55 Paladin
43:44 Plate Barding Armor
47:33 Blast Furnace
Green Assassin
0:30 Loom
11:20 Feudal Age
17:58 Castle Age
15:59 Horse Collar
16:28 Double-Bit Axe
18:32 Wheelbarrow
20:19 Bow Saw
22:49 Fletching
24:06 Heavy Plow
29:05 Gold Mining
29:15 Gold Mining
33:23 Imperial Age
30:54 Bodkin Arrow
31:34 Thumb Ring
32:28 Ballistics
31:38 Crossbowman
32:21 Padded Archer Armor
34:27 Conscription
33:58 Elite Organ Gun
39:15 Chemistry
38:21 Siege Engineers
40:41 Arquebus
42:53 Crop Rotation
46:01 Two-Man Saw
Ipower
11:00 Feudal Age
11:06 Feudal Age
11:58 Loom
16:33 Castle Age
14:39 Double-Bit Axe
15:52 Town Watch
16:48 Fletching
20:23 Horse Collar
23:00 Bow Saw
25:22 Wheelbarrow
25:42 Forging
28:03 Iron Casting
27:47 Heavy Plow
31:40 Imperial Age
30:15 Bodkin Arrow
32:07 Blast Furnace
30:29 Elite Karambit Warrior
31:46 Bracer
32:51 Chemistry
31:48 Murder Holes
32:01 Squires
31:48 Arson
33:00 Gold Mining
33:01 Stone Mining
34:09 Conscription
33:44 Pikeman
35:22 Gold Shaft Mining
35:29 Forced Levy
38:25 Siege Engineers
38:41 Ballistics
38:42 Bombard Tower
38:03 Treadmill Crane
38:33 Masonry
37:45 Halberdier
39:44 Hand Cart
39:32 Town Patrol
40:20 Crop Rotation
40:13 Onager
Atilafiorito
0:27 Loom
10:19 Feudal Age
14:15 Castle Age
12:36 Double-Bit Axe
13:59 Town Watch
17:50 Fletching
19:22 Bow Saw
21:10 Bodkin Arrow
23:25 Ballistics
27:34 Gold Mining
29:36 Horse Collar
34:51 Imperial Age
33:02 Wheelbarrow
32:12 Town Watch
33:13 Heavy Plow
35:21 Padded Archer Armor
35:40 Bracer
36:43 Chemistry
35:31 Elite Plumed Archer
37:37 Conscription
37:56 Hand Cart
39:10 Padded Archer Armor
40:17 Two-Man Saw
38:53 Onager
42:18 Leather Archer Armor
41:56 Pikeman
42:36 Squires
42:38 Scale Mail Armor
43:03 Fortified Wall
Joelrp
8:41 Loom
11:54 Feudal Age
12:45 Double-Bit Axe
15:04 Horse Collar
17:44 Gold Mining
23:24 Castle Age
22:51 Padded Archer Armor
22:51 Scale Mail Armor
23:51 Stone Mining
23:37 Pikeman
25:25 Leather Archer Armor
25:01 Fletching
26:08 Heavy Plow
26:53 Bow Saw
29:59 Chain Mail Armor
33:40 Imperial Age
37:14 Plate Mail Armor
37:27 Crop Rotation
38:13 Two-Man Saw
37:17 Halberdier
41:24 Elite Rattan Archer
Pepe :)
8:12 Loom
11:01 Feudal Age
15:29 Castle Age
39:21 Imperial Age
38:27 Wheelbarrow
38:08 Scale Mail Armor
38:19 Forging
38:44 Horse Collar
40:26 Conscription
40:20 Elite Ballista Elephant
41:03 Double-Bit Axe
43:14 Chemistry
43:06 Double Crossbow
43:33 Devotion
Connection lost

Rejoining the realm…

Still unreachable

The connection could not be restored.

Session expired

The server has moved on; the page needs a fresh start.